 Dungeon Crawl Stone Soup version 0.25-a0-294-gea9b1ad378 (webtiles) character file.

Game seed: 10706931174030640386, levelgen mode: classic

41417 Borgoz the Nimble (level 14, 0/142 HPs)
             Began as a Kobold Berserker on Dec 16, 2019.
             Was an Elder of Trog.
             Killed by mirror damage (6 damage)
             ... on level 15 of the Dungeon.
             The game lasted 00:31:36 (16683 turns).

Borgoz the Nimble (Kobold Berserker)               Turns: 16683, Time: 00:31:37

Health: 0/142      AC: 13    Str: 25    XL:     14   Next: 50%
Magic:  5/5        EV: 27    Int: 15    God:    Trog [****..]
Gold:   315        SH:  6    Dex: 18    Spells: 13/13 levels left

rFire    . . .     SeeInvis +   a - +12 scimitar of Obsession {speed, rElec MP-9 Int+7 Stlth+}
rCold    . . .     Gourm    .   w - +0 buckler
rNeg     + . .     Faith    .   C - +1 leather armour of the True Pharaoh {Str+4 SInv} (curse)
rPois    +         Spirit   .   J - +2 helmet
rElec    +         Reflect  .   Q - +2 cloak
rCorr    .         Harm     .   t - +0 pair of gloves
MR       ++++.     Clarity  +   (no boots)
Stlth    ..........             D - amulet of the Four Winds {rN+ MR+++ Clar}
HPRegen  0.33/turn              L - ring of see invisible
MPRegen  0.09/turn              V - ring of poison resistance

@: berserking, very quick
A: small, carnivore
a: Berserk, Trog's Hand, Brothers in Arms, Renounce Religion


You were on level 15 of the Dungeon.
You worshipped Trog.
Trog was greatly pleased with you.
You were very full.

You visited 1 branch of the dungeon, and saw 15 of its levels.

You collected 886 gold pieces.
You spent 571 gold pieces at shops.

Inventory:

Hand Weapons
 a - the +12 scimitar of Obsession (weapon) {speed, rElec MP-9 Int+7 Stlth+}
   (You bought it in a shop on level 6 of the Dungeon)

   Attacks with this weapon are significantly faster.
   It affects your intelligence (+7).
   It insulates you from electricity.
   It affects your magic capacity (-9).
   It makes you more stealthy.
 b - a +4 scimitar of flaming
 P - a +1 antimagic quick blade
Missiles
 G - a throwing net (quivered)
Armour
 t - a +0 pair of gloves (worn)
 w - a +0 buckler (worn)
 C - the cursed +1 leather armour of the True Pharaoh (worn) {Str+4 SInv}
   (You bought it in a shop on level 6 of the Dungeon)

   It affects your strength (+4).
   It lets you see invisible.
   It has a curse placed upon it.
 J - a +2 helmet (worn)
 K - a +1 robe of cold resistance
 Q - a +2 cloak (worn)
Jewellery
 i - an uncursed ring of protection from cold
 r - an uncursed ring of ice
 D - the amulet of the Four Winds (around neck) {rN+ MR+++ Clar}
   (You found it on level 8 of the Dungeon)

   [amulet of nothing]

   It protects you from negative energy.
   It affects your resistance to hostile enchantments.
   It protects you against confusion.
 E - an uncursed ring of stealth
 F - an uncursed amulet of the acrobat
 L - a ring of see invisible (left hand)
 U - the ring of Wariness {Fire rPois}
   (You found it on level 13 of the Dungeon)

   [ring of fire]

   It enhances your fire magic.
   It protects you from fire.
   It makes you vulnerable to cold.
   It protects you from poison.
 V - a ring of poison resistance (right hand)
Wands
 n - a wand of enslavement (10)
 q - a wand of flame (11)
 x - a wand of scattershot (6)
 B - a wand of polymorph (11)
 I - a wand of iceblast (11)
 T - a wand of acid (6)
Scrolls
 e - 4 scrolls of teleportation
 h - 6 scrolls of remove curse
 p - 2 scrolls of magic mapping
 s - 5 scrolls of fear {unknown}
 v - 2 scrolls of enchant weapon
 y - 4 scrolls of immolation {unknown}
 A - 2 scrolls of noise {unknown}
 N - 2 scrolls of enchant armour
 O - 6 scrolls of blinking {unknown}
 R - a scroll of fog {unknown}
 W - a scroll of identify
Potions
 d - 4 potions of haste
 f - a potion of lignification
 g - 3 potions of ambrosia {unknown}
 j - a potion of mutation
 k - 3 potions of flight {unknown}
 l - 6 potions of curing
 m - 3 potions of heal wounds {unknown}
 o - 3 potions of brilliance
 u - a potion of magic
 z - 4 potions of might
 H - 2 potions of invisibility
 M - a potion of agility
Comestibles
 c - 44 rations
 S - 2 chunks of flesh


   Skills:
 * Level 13.6 Fighting
 - Level 9.4(12.5) Short Blades
 * Level 9.1(9.8) Long Blades
 * Level 8.3 Armour
 * Level 14.4 Dodging
 + Level 4.8 Shields


You had 13 spell levels left.
You didn't know any spells.
Your spell library was empty.

Dungeon Overview and Level Annotations

Branches:
Dungeon (15/15)            Temple (0/1) D:7            Lair (0/6) D:8
    Orc (0/2) D:11         Vaults (0/5) D:14
 Depths: D:15

Altars:
Ashenzari
Dithmenos
Fedhas
Gozag
Kikubaaqudgha
Wu Jian
Xom
Yredelemnul
Beogh

Shops:
D:6 [(

Annotations:
D:15 3 runed translucent doors, Wayffaf's ghost, journeyman DrSk


Innate Abilities, Weirdness & Mutations

You are small and have problems with some larger weapons.
You are carnivorous and can eat meat at any time.


Message History

Trog accepts your kill.
The troll shimmers and vanishes!
Unknown command.
You block the death knight's attack.
You closely miss the death knight. You slice the death knight!!
The death knight is moderately wounded.
The death knight reflects your damage back at you!
* * * LOW HITPOINT WARNING * * *
You slash the death knight!
The death knight is heavily wounded.
The death knight reflects your damage back at you!
* * * LOW HITPOINT WARNING * * *
The death knight hits you with a +2 halberd of chopping!
* * * LOW HITPOINT WARNING * * *
x2 Some of the chunks of flesh in your inventory have rotted away.
You slash the death knight!
The death knight is heavily wounded.
The death knight reflects your damage back at you!
You die...

# #......# #.#......#
#.#......## # ..........
####......##
#...)....D.#####. #
#.......pT....... . #
##.......@).##### ##.#
#................. ...#
#...........###### ....
#..††.......# ....
#...........# .###
#...........#
#...........# ..###
#...........# #....
#.................#.#.....


You could see a death knight, an eight-headed hydra and a troll.

Vanquished Creatures
  Snorg (D:12)
  4 vault guards (D:14)
  A rakshasa (D:15)
  Fannar (D:12)
  3 hydras
  A catoblepas (D:14)
  2 centaur warriors
  The ghost of Borgoz the Blocker, a journeyman GrFi of Okawaru (D:11)
  Erica (D:9)
  6 two-headed ogres
  Urug (D:12)
  2 unseen horrors
  2 orc knights (D:14)
  4 ugly things
  3 orc sorcerers (D:14)
  A cyclops (D:14)
  A gargoyle (D:11)
  A kobold demonologist (D:11)
  An efreet (D:14)
  2 komodo dragons
  2 trolls
  A hornet (D:10)
  Grinder (D:6)
  9 slime creatures
  2 dream sheep (D:12)
  2 hippogriffs
  6 wraiths
  5 yaks
  A tarantella (shapeshifter) (D:14)
  A wyvern (D:11)
  A human (D:14)
  4 hungry ghosts
  2 steam dragons (D:11)
  11 vampire mosquitoes
  2 wargs (D:15)
  A soldier ant (D:11)
  Duvessa (D:5)
  A water moccasin (D:11)
  11 orc warriors
  4 black bears
  A hornet zombie (D:11)
  8 ice beasts
  7 sky beasts
  7 ogres
  3 eyes of draining (D:13)
  A necrophage (D:8)
  7 centaurs
  6 phantoms
  2 crocodiles
  8 big kobolds
  Dowan (D:5)
  10 bullfrogs
  5 scorpions
  2 wyvern skeletons
  6 killer bees (D:10)
  13 wights
  4 howler monkeys
  11 crimson imps
  5 centaur zombies
  2 bullfrog zombies
  7 hounds
  11 orc priests
  5 bullfrog skeletons
  3 centaur skeletons
  4 jellies
  Crazy Yiuf (D:3)
  5 iguanas
  21 worker ants
  15 orc wizards
  A hound zombie (D:8)
  2 worker ant zombies
  8 gnolls
  A howler monkey skeleton (D:6)
  17 adders
  3 shadow imps
  2 oozes
  An adder zombie (D:10)
  An adder skeleton (D:10)
  2 worms
  2 dart slugs (D:1)
  5 leopard geckos
  37 orcs
  5 bats
  7 giant cockroaches
  8 goblins
  3 hobgoblins
  13 jackals
  3 quokkas
  3 ball pythons
  5 frilled lizards
  A jackal skeleton (D:4)
  27 kobolds
  A leopard gecko skeleton (D:5)
  A quokka zombie (D:6)
  6 rats
453 creatures vanquished.

Vanquished Creatures (others)
  An ogre (D:7)
  A bullfrog (D:7)
  A scorpion (D:7)
  A kobold (D:14)
4 creatures vanquished.

Grand Total: 457 creatures vanquished

Notes
Turn   | Place    | Note
-------+----------+-------------------------------------------
     0 | D:1      | Borgoz the Kobold Berserker began the quest for the Orb.
     0 | D:1      | Reached XP level 1. HP: 14/14 MP: 1/1
    23 | D:1      | Reached XP level 2. HP: 4/19 MP: 2/2
  1017 | D:1      | Reached skill level 3 in Dodging
  1017 | D:1      | Reached XP level 3. HP: 20/24 MP: 3/3
  2326 | D:2      | Reached XP level 4. HP: 29/29 MP: 4/4
  2670 | D:2      | Reached ** piety under Trog
  2690 | D:2      | Found a blossoming altar of Fedhas.
  3585 | D:3      | Reached skill level 5 in Short Blades
  3617 | D:3      | Found a runed translucent door.
  3618 | D:3      | Noticed Crazy Yiuf
  3867 | D:3      | Killed Crazy Yiuf
  3867 | D:3      | Reached XP level 5. HP: 34/34 MP: 5/5
  3937 | D:4      | Reached skill level 4 in Dodging
  4036 | D:4      | Reached XP level 6. HP: 14/39 MP: 6/6
  4261 | D:4      | Noticed an ogre
  4269 | D:4      | Killed an ogre
  4458 | D:4      | Reached skill level 5 in Fighting
  4858 | D:4      | Reached XP level 7. HP: 40/44 MP: 7/7
  5012 | D:5      | Entered Level 5 of the Dungeon
  5194 | D:5      | Reached skill level 5 in Dodging
  5999 | D:5      | Noticed Dowan
  6000 | D:5      | Noticed Duvessa
  6019 | D:5      | Killed Duvessa
  6019 | D:5      | Reached XP level 8. HP: 45/51 MP: 8/8
  6023 | D:5      | Killed Dowan
  6103 | D:5      | Reached skill level 6 in Dodging
  7172 | D:6      | Reached skill level 7 in Dodging
  7172 | D:6      | Reached XP level 9. HP: 57/57 MP: 9/9
  7266 | D:6      | Noticed Grinder
  7284 | D:6      | Found Keahok's Antique Weapon Emporium.
  7297 | D:6      | Killed Grinder
  7312 | D:6      | Bought an ichor-stained scimitar for 288 gold pieces
  7312 | D:6      | Identified the +12 scimitar of Obsession {speed, rElec MP-9
                  | Int+7 Stlth+} (You bought it in a shop on level 6 of the
                  | Dungeon)
  7422 | D:6      | Found an opulent altar of Gozag.
  7482 | D:6      | Reached *** piety under Trog
  7505 | D:6      | Reached skill level 8 in Dodging
  7707 | D:6      | Found Fasmugor's Armour Emporium.
  7862 | D:7      | Found an ornate altar of the Wu Jian Council.
  7888 | D:7      | Found a staircase to the Ecumenical Temple.
  7948 | D:7      | Reached skill level 1 in Long Blades
  7962 | D:7      | Found an ancient bone altar of Kikubaaqudgha.
  8056 | D:7      | Found a shimmering altar of Xom.
  8067 | D:7      | Reached XP level 10. HP: 64/64 MP: 1/10
  8349 | D:8      | Reached skill level 9 in Dodging
  8362 | D:8      | Reached **** piety under Trog
  8637 | D:8      | Found a staircase to the Lair.
  8652 | D:8      | Found the amulet of the Four Winds {rN+ MR+++ Clar}
  8907 | D:9      | Noticed Erica
  8927 | D:9      | Killed Erica
  8927 | D:9      | Reached skill level 10 in Dodging
  9118 | D:9      | Found a shattered altar of Ashenzari.
  9255 | D:9      | Reached skill level 5 in Armour
  9296 | D:9      | Found a basalt altar of Yredelemnul.
  9303 | D:9      | Reached XP level 11. HP: 58/72 MP: 2/11
  9310 | D:9      | Reached skill level 10 in Fighting
  9602 | D:9      | Noticed a two-headed ogre
  9609 | D:9      | Killed a two-headed ogre
  9631 | D:9      | Reached skill level 5 in Long Blades
  9737 | D:9      | Noticed a two-headed ogre
  9748 | D:9      | Killed a two-headed ogre
  9748 | D:9      | Reached ***** piety under Trog
  9748 | D:9      | Received a gift from Trog
  9748 | D:9      | Reached skill level 11 in Dodging
  9979 | D:10     | Entered Level 10 of the Dungeon
 10476 | D:10     | Reached skill level 1 in Shields
 10734 | D:11     | Received a gift from Trog
 10805 | D:11     | Reached XP level 12. HP: 56/80 MP: 3/12
 10985 | D:11     | Found a staircase to the Orcish Mines.
 11470 | D:11     | Reached skill level 12 in Dodging
 11641 | D:11     | Found a runed translucent gate.
 11642 | D:11     | Found a runed translucent gate.
 11642 | D:11     | Found a runed translucent gate.
 11644 | D:11     | Noticed Borgoz's ghost (journeyman GrFi)
 11826 | D:11     | Killed Borgoz's ghost
 12162 | D:12     | Received a gift from Trog
 12395 | D:6      | Bought the cursed +1 leather armour of the True Pharaoh
                  | {Str+4 SInv} for 283 gold pieces
 12524 | D:12     | Noticed Snorg
 12534 | D:12     | Killed Snorg
 12560 | D:12     | Noticed a two-headed ogre
 12567 | D:12     | Killed a two-headed ogre
 12595 | D:12     | Noticed Urug
 12871 | D:12     | Killed Urug
 13166 | D:12     | Reached XP level 13. HP: 86/86 MP: 4/13
 13168 | D:12     | Noticed Fannar
 13184 | D:12     | Killed Fannar
 13538 | D:12     | Reached skill level 13 in Dodging
 13628 | D:12     | Noticed a three-headed hydra
 13638 | D:12     | Killed a two-headed hydra
 14072 | D:13     | Noticed a centaur warrior
 14084 | D:13     | Killed a centaur warrior
 14241 | D:13     | Got a flickering amber ring
 14281 | D:13     | Identified the ring of Wariness {Fire rPois} (You found it
                  | on level 13 of the Dungeon)
 14349 | D:13     | Received a gift from Trog
 14670 | D:14     | Noticed a four-headed hydra
 14677 | D:14     | Killed a one-headed hydra
 14700 | D:14     | Noticed a catoblepas
 14730 | D:14     | Killed a catoblepas
 14771 | D:14     | Noticed a centaur warrior
 14783 | D:14     | Killed a centaur warrior
 15151 | D:14     | Found a shadowy altar of Dithmenos.
 15243 | D:14     | Noticed a vault guard
 15243 | D:14     | Noticed a vault guard
 15274 | D:14     | Found a roughly hewn altar of Beogh.
 15584 | D:14     | Noticed a vault guard
 15594 | D:14     | Killed a vault guard
 15595 | D:14     | Reached XP level 14. HP: 94/94 MP: 5/14
 15791 | D:14     | Reached skill level 14 in Dodging
 15909 | D:14     | Found a gate to the Vaults.
 16076 | D:15     | Entered Level 15 of the Dungeon
 16076 | D:15     | Found a runed translucent gate.
 16331 | D:15     | Noticed Wayffaf's ghost (journeyman DrSk)
 16388 | D:15     | Found a runed translucent gate.
 16388 | D:15     | Found a runed translucent gate.
 16388 | D:15     | Noticed a minotaur
 16682 | D:15     | HP: 6/142 [death knight/+2 halberd of chopping (2)]
 16683 | D:15     | Killed by mirror damage

Levels and vault maps discovered:
D:1:      dpeg_arrival_pits, layout_basic, serial_park_tiny_2,
          columned_hall_lemuel, patterned_corridor
D:2:      layout_loops_ring, fedhas_altar_2
D:3:      layout_basic, minmay_misc_feat_alley, kennysheep_nub,
          uniq_crazy_yiuf_cottage
D:4:      cheibrodos_quashed, layout_basic, first_ration, nrook_uturn
D:5:      layout_basic, uniq_duvessa
D:6:      layout_basic, nicolae_gozag_cash_rules_everything_around_me,
          serial_shops, shop_fountains, nicolae_shop_trees,
          chequers_serial_rivers_micro_d, minmay_misc_feat_roman,
          roderic_filled_cross, uniq_grinder
D:7:      black_bear_nest_1, layout_rooms, kiku_gazebo_pond_becter,
          xom_confusion_cloud, overflow_temple_1_default,
          minmay_temple_entry_antechambers
D:8:      layout_rooms, dpeg_oklobed_lair
D:9:      layout_irregular_city, yredelemnul_altar_generic,
          evilmike_ruin_ashenzari, uniq_erica
D:10:     layout_long_grid
D:11:     minmay_skewed_foursquare, layout_basic, gammafunk_ghost_spectres
D:12:     layout_big_octagon, hangedman_ranch [blue_anna_fruit_fields],
          uniq_urug, uniq_snorg, uniq_fannar
D:13:     kennysheep_windowed_halls, layout_rooms, drop_trap
D:14:     layout_basic, grunt_vaults_entry_fortified,
          nicolae_dithmenos_the_darkroom, david_defended_altar_orc
D:15:     gammafunk_enter_depths_forms, layout_basic,
          maelrawn_ghost_gauntlet_escape, uniq_kirke

Skill      XL: |  1  2  3  4  5  6  7  8  9 10 11 12 13 14 |
---------------+-------------------------------------------+-----
Dodging        | 3 4 5 7 8 10 11 12 13 14 | 14.4
Fighting       | 4 5 7 8 9 11 12 13 | 13.6
Armour         | 2 3 4 5 6 7 8 |  8.3
Short Blades   | 5 6 7 8 9 |  9.4
Long Blades    | 1 4 5 7 8 9 |  9.1
Shields        | 1 3 4 |  4.8

Action                   |  1- 3 |  4- 6 |  7- 9 | 10-12 | 13-15 || total
-------------------------+-------+-------+-------+-------+-------++-------
Melee: Short sword       |   155 |   184 |   326 |       |       ||   665
       Scimitar          |       |       |    72 |   540 |   406 ||  1018
Invok: Berserk           |     1 |     3 |     5 |     4 |     6 ||    19
       Trog's Hand       |       |     1 |     4 |     2 |     1 ||     8
Evoke: Wand              |       |       |       |     2 |     5 ||     7
  Use: Scroll            |     4 |     3 |     2 |     3 |     5 ||    17
       Potion            |       |       |     1 |     1 |     1 ||     3
 Stab: Sleeping          |     1 |     2 |     4 |    18 |     9 ||    34
       Confused          |       |       |     1 |       |       ||     1
       Distracted        |       |       |       |     2 |     3 ||     5
       Petrified         |       |       |       |       |     1 ||     1
  Eat: Chunk             |    13 |    12 |    16 |    27 |    19 ||    87
Armor: Animal skin       |    12 |    19 |    40 |    62 |       ||   133
       Leather armour    |       |       |       |     4 |    49 ||    53
Dodge: Dodged            |   122 |   143 |   278 |   450 |   259 ||  1252
Block: Buckler           |       |       |       |    85 |    85 ||   170
       Rpst.: Scimitar   |       |       |    23 |   105 |    76 ||   204

Table legend:
 A = Non-vault XP
 B = Vault XP
 C = Vault XP percentage of total XP
 D = Non-vault monster count
 E = Vault monster count
 F = Vault count percentage of total count
                 A         B        C        D         E       F
            +---------+---------+-------+---------+---------+-------
      Total |   38923 |   20245 |  34.2 |     390 |      63 |  13.9
            +---------+---------+-------+---------+---------+-------
        D:1 |      40 |       0 |   0.0 |      21 |       0 |   0.0
        D:2 |      76 |       0 |   0.0 |      22 |       0 |   0.0
        D:3 |      22 |      39 |  63.9 |       9 |       1 |  10.0
        D:4 |     354 |       0 |   0.0 |      17 |       0 |   0.0
        D:5 |     550 |     192 |  25.9 |      23 |       2 |   8.0
        D:6 |    1639 |     272 |  14.2 |      33 |       1 |   2.9
        D:7 |     412 |     441 |  51.7 |       8 |       6 |  42.9
        D:8 |    2014 |       0 |   0.0 |      38 |       0 |   0.0
        D:9 |    4432 |     897 |  16.8 |      38 |       1 |   2.6
       D:10 |    2833 |       0 |   0.0 |      41 |       0 |   0.0
       D:11 |    4270 |    2507 |  37.0 |      38 |       9 |  19.1
       D:12 |    4436 |    5059 |  53.3 |      42 |      11 |  20.8
       D:13 |    3058 |    4524 |  59.7 |       9 |      19 |  67.9
       D:14 |    7582 |    6314 |  45.4 |      26 |      13 |  33.3
       D:15 |    7205 |       0 |   0.0 |      25 |       0 |   0.0
            +---------+---------+-------+---------+---------+-------
